[Event "*** Titled Tuesday Blitz"]
[Site "Chess.com"]
[Date "2021.03.16"]
[Round "5"]
[White "FMJoseHerrera"]
[Black "Alekseyviktorovich"]
[Result "0-1"]
[WhiteElo "2535"]
[BlackElo "2424"]
[TimeControl "180+1"]
[EndTime "10:52:19 PDT"]
[Termination "Alekseyviktorovich won by checkmate"]

1. Nf3 d5 2. g3 c6 3. Bg2 Nf6 4. d3 Bg4 5. O-O Nbd7 6. c3 e6 7. Qb3 Qc8 8. c4 h6 9. cxd5 exd5 10. e4 Nc5 11. Qc2 dxe4 12. dxe4 Be7 13. Nd4 O-O 14.
Nc3 Re8 15. Re1 Bf8 16. f3 Bh3 17. Bh1 Qc7 18. Be3 Rad8 19. Bf2 a5 20. Rad1 Ne6 21. Nde2 Bc5 22. Bxc5 Nxc5 23. Nf4 Bc8 24. Bg2 Qb6 25.
Kh1 Qb4 26. a3 Qb3 27. Qxb3 Nxb3 28. Bf1 g5 29. Ng2 Be6 30. f4 Bg4 31. Rxd8 Rxd8 32. Ne3 Bf3+ 33. Bg2 Bxg2+ 34. Kxg2 Rd2+ 35. Kf3 Nd4# 0-1

[Event "*** Titled Tuesday Blitz"]
[Site "Chess.com"]
[Date "2021.03.16"]
[Round "5"]
[White "KazakhFighter04"]
[Black "Ermito2020"]
[Result "1-0"]
[WhiteElo "2761"]
[BlackElo "2519"]
[TimeControl "180+1"]
[EndTime "10:52:22 PDT"]
[Termination "KazakhFighter04 won by resignation"]

1. e4 c5 2. Nf3 d6 3. d4 cxd4 4.
Nxd4 Nf6 5. Nc3 Nc6 6. Bg5 e6 7. Qd2 a6 8. O-O-O Bd7 9. f4 Be7 10. Nf3 b6 11. e5 Nd5 12. Nxd5 exd5 13. exd6 Bxg5 14. Re1+ Be7 15. Nd4 Nxd4 16. Rxe7+ Kf8 17. Qxd4 Be6 18. Qe5 Qc8 19. Bd3 d4 20. f5 Bxa2 21. d7 Qd8 22. Re8+ Qxe8 23. dxe8=Q+ Rxe8 24. Qd6+ Kg8 25. b3 h5 26. Qa3 Bxb3 27. Qxb3 b5 28. Kd2 Rh6 29. Qb4 h4 30. Qxd4 h3 31. g3 b4 32. Re1 Rb8 33. Re7 a5 34. Rxf7 Kxf7 35. Qa7+ 1-0

[Event "*** Titled Tuesday Blitz"]
[Site "Chess.com"]
[Date "2021.03.16"]
[Round "5"]
[White "barbara25"]
[Black "gurelediz"]
[Result "0-1"]
[WhiteElo "2260"]
[BlackElo "2665"]
[TimeControl "180+1"]
[EndTime "10:52:29 PDT"]
[Termination "gurelediz won by resignation"]

1. e4 c6 2. d4 d5 3. f3 e6 4. Nc3 Bb4 5. a3 Bxc3+ 6. bxc3 dxe4 7. Qe2 exf3 8. Nxf3 Nf6 9. Qf2 Qa5 10. Bd2 Ne4 11. Qe3 Nxd2 12. Qxd2 Nd7 13. Bd3 c5 14. O-O cxd4 15. Nxd4 a6 16. Kh1 Nf6 17. Nf3 O-O 18. Ng5 h6 19. Nh3 Nd5 20. Qe2 Qxc3 21. Qf3 b5 22. Qe4 f5 23. Qh4 Bb7 24. Rae1 Rae8 25. Nf4 Nxf4 26. Qxf4 e5 27. Qh4 e4 28. Be2 f4 29.
Bh5 Re5 30. Rd1 f3 31. gxf3 exf3 32. Rd7 Qc6 0-1

[Event "*** Titled Tuesday Blitz"]
[Site "Chess.com"]
[Date "2021.03.16"]
[Round "5"]
[White "Natalya_Buksa"]
[Black "jraosam"]
[Result "1-0"]
[WhiteElo "2492"]
[BlackElo "1893"]
[TimeControl "180+1"]
[EndTime "10:52:42 PDT"]
[Termination "Natalya_Buksa won on time"]

1. d4 d5 2. Nc3 Nf6 3. Bf4 c6 4. e3 e6 5. Nf3 Nbd7 6. Bd3 Nh5 7. Bg5 f6 8. Bh4 g6 9. Qe2 Qb6 10. O-O-O Bb4 11. Nb1 e5 12. dxe5 fxe5 13. g4 Ng7 14. e4 d4 15. Bc4 Qc7 16. Ng5 b5 17. Bf7+ Kf8 18. Qf3 Be7 19. Nxh7+ Rxh7 20. Bxg6+ Kg8 21.
Bxh7+ Kxh7 22. Bxe7 Nc5 23. Bxc5 Be6 24. Nd2 Qa5 25.
a3 1-0

[Event "*** Titled Tuesday Blitz"]
[Site "Chess.com"]
[Date "2021.03.16"]
[Round "5"]
[White "Kotofeyca"]
[Black "gxbg2000"]
[Result "1-0"]
[WhiteElo "2352"]
[BlackElo "1971"]
[TimeControl "180+1"]
[EndTime "10:52:52 PDT"]
[Termination "Kotofeyca won by resignation"]

1. d4 d5 2. c4 c6 3. Nc3 Nf6 4. cxd5 cxd5 5. Bf4 e6 6. e3 a6 7. Nf3 Bd6 8. Bg5 Be7 9. Bd3 h6 10. Bh4 Nbd7 11. O-O b5 12. a4 b4 13. Na2 a5 14.
Qe2 O-O 15. Nc1 Qb6 16. Nb3 Ba6 17. Bxa6 Rxa6 18. Rfc1 Raa8 19. Ne5 Qb7 20. Nc6 Bd8 21. Qb5 Qxb5 22. axb5 a4 23. Nc5 a3 24. bxa3 bxa3 25. Nxd7 Nxd7 26. Bxd8 Rfxd8 27. Nxd8 Rxd8 28. Rxa3 Rb8 29. Rb3 Nb6 30. Rc6 Kf8 31. h4 Ke8 32. Rc7 h5 33. Kh2 g6 34. Kg3 Kf8 35. Kf4 f6 36. Ra3 Nc4 37. Raa7 Nd6 38. Rh7 Kg8 39.
Rag7+ Kf8 40. Rd7 1-0

[Event "*** Titled Tuesday Blitz"]
[Site "Chess.com"]
[Date "2021.03.16"]
[Round "5"]
[White "atwalcb"]
[Black "ChelsieMonica"]
[Result "1-0"]
[WhiteElo "2544"]
[BlackElo "2336"]
[TimeControl "180+1"]
[EndTime "10:52:55 PDT"]
[Termination "atwalcb won on time"]

1. d4 Nf6 2. Bg5 c5 3. d5 d6 4. Nc3 e5 5. dxe6 Bxe6 6. e4 Nc6 7. Nd5 Bxd5 8. exd5 Ne5 9. Bb5+ Ned7 10. Ne2 Be7 11. a4 O-O 12. O-O a6 13. Bc4 Re8 14.
Ng3 Bf8 15. Nf5 h6 16. Bf4 Ne5 17. Ne3 g5 18. Bg3 Ne4 19. Bd3 Nxd3 20. Qxd3 Qf6 21. c3 Rad8 22. f3 Nxg3 23. hxg3 Qe5 24. Ng4 Qxg3 25. Nf6+ 1-0

[Event "*** Titled Tuesday Blitz"]
[Site "Chess.com"]
[Date "2021.03.16"]
[Round "5"]
[White "Aygehovit1992"]
[Black "jefferyx"]
[Result "0-1"]
[WhiteElo "2630"]
[BlackElo "2992"]
[TimeControl "180+1"]
[EndTime "10:52:58 PDT"]
[Termination "jefferyx won on time"]

1. e4 c5 2. Nf3 d6 3. d4 cxd4 4. Nxd4 Nf6 5. Nc3 a6 6. Bg5 e6 7.
f4 b5 8. e5 dxe5 9. fxe5 Qc7 10.
Nf3 Nfd7 11. Be2 Bb7 12. O-O Nc6 13. Ne4 Ncxe5 14. Qd4 h6 15. Bh4 Ng6 16. Bg3 e5 17. Qe3 Be7 18. Rad1 O-O 19. Kh1 f5 20. Qb3+ Kh7 21. Qe6 Rad8 22. Nc3 Nc5 23. Nd5 Bxd5 0-1

[Event "*** Titled Tuesday Blitz"]
[Site "Chess.com"]
[Date "2021.03.16"]
[Round "5"]
[White "GelmanAlexander"]
[Black "HrvojeZagreb"]
[Result "1-0"]
[WhiteElo "2571"]
[BlackElo "2295"]
[TimeControl "180+1"]
[EndTime "10:52:58 PDT"]
[Termination "GelmanAlexander won by resignation"]

1. d4 e6 2. Nc3 d5 3. Bf4 c6 4.
e4 dxe4 5. Nxe4 Nf6 6. Nxf6+ Qxf6 7. Qd2 Nd7 8. Nf3 h6 9. O-O-O g5 10. Bg3 Bg7 11. h4 g4 12. Ne5 h5 13. Kb1 Nb6 14.
Bf4 Bh6 15. Bg5 Bxg5 16. hxg5 Qg7 17. g6 fxg6 18. Bd3 Rh6 19. Qg5 Nd5 20. Bxg6+ Kf8 21.
Rxh5 Rxh5 22. Qxh5 Nf6 23. Qg5 Bd7 24. Qxf6+ Qxf6 25. Nxd7+ Ke7 26. Nxf6 Kxf6 27. Be4 Rd8 28. c3 c5 29. Kc2 b6 30. dxc5 Rxd1 31. Kxd1 bxc5 32. Ke2 Ke5 33. Bc2 1-0

[Event "*** Titled Tuesday Blitz"]
[Site "Chess.com"]
[Date "2021.03.16"]
[Round "5"]
[White "nss13"]
[Black "vladgoncharov"]
[Result "0-1"]
[WhiteElo "2604"]
[BlackElo "2455"]
[TimeControl "180+1"]
[EndTime "10:53:00 PDT"]
[Termination "vladgoncharov won by resignation"]

1. e4 e6 2. d4 d5 3. Nd2 Be7 4. e5 c5 5. c3 cxd4 6. cxd4 Qb6 7.
Qg4 Kf8 8. Ndf3 Bd7 9. Bd3 Bb5 10.
Bxb5 Qxb5 11. Ne2 Nc6 12. h4 h5 13. Qf4 Nh6 14. Ng3 g6 15. Ng5 Kg7 16. a4 Qb4+ 17. Bd2 Qxd4 18. Qxd4 Nxd4 19. O-O Nb3 20. Rad1 Nxd2 21. Rxd2 Rhc8 22. Ne2 Rc4 23. Rd4 Rac8 24. b3 Rc2 25. Ng3 Rb2 26. Rd3 Ng4 27. Nf3 Rcc2 28. Nh1 Bc5 29. Nd4 Bxd4 30. Rxd4 Nxe5 31. Rb4 b6 32. a5 Nc6 0-1

[Event "*** Titled Tuesday Blitz"]
[Site "Chess.com"]
[Date "2021.03.16"]
[Round "5"]
[White "zajka-molotok"]
[Black "Pantata007"]
[Result "1-0"]
[WhiteElo "2520"]
[BlackElo "2343"]
[TimeControl "180+1"]
[EndTime "10:53:01 PDT"]
[Termination "zajka-molotok won on time"]

1. b4 e5 2. Bb2 Bxb4 3. Bxe5 Nf6 4. e3 O-O 5. Nf3 d5 6. Be2 c5 7. O-O Nc6 8. Bb2 Bg4 9. h3 Bh5 10. d3 Re8 11. Nbd2 d4 12. e4 Rc8 13. Nb3 Bxf3 14. Bxf3 Ne5 15. Be2 c4 16. dxc4 Nxc4 17. Bxd4 Nxe4 18. Qd3 Qh4 19. Bg4 Rc6 20. Bd7 Rcc8 21. Bxe8 1-0

[Event "*** Titled Tuesday Blitz"]
[Site "Chess.com"]
[Date "2021.03.16"]
[Round "5"]
[White "enriquetejedor"]
[Black "DrMamaliga"]
[Result "1-0"]
[WhiteElo "2546"]
[BlackElo "2365"]
[TimeControl "180+1"]
[EndTime "10:53:03 PDT"]
[Termination "enriquetejedor won by checkmate"]

1. d4 d5 2. c4 dxc4 3. e3 Nf6 4. Bxc4 e6 5. Nc3 a6 6. Nf3 Bd6 7. O-O O-O 8. e4 b5 9. Bd3 Be7 10. e5 Nd5 11. Qe2 Bb7 12. Qe4 g6 13. Qg4 c5 14. Bh6 Re8 15. h4 cxd4 16. Ne4 Nd7 17.
h5 Bf8 18. hxg6 Bxh6 19. gxf7+ Kxf7 20. Nd6+ Kf8 21. Bxh7 N7f6 22. Qg6 Nxh7 23. Qf7# 1-0

[Event "*** Titled Tuesday Blitz"]
[Site "Chess.com"]
[Date "2021.03.16"]
[Round "5"]
[White "fabianvivasz"]
[Black "ural58"]
[Result "1-0"]
[WhiteElo "2388"]
[BlackElo "2533"]
[TimeControl "180+1"]
[EndTime "10:53:07 PDT"]
[Termination "fabianvivasz won by resignation"]

1. c4 e5 2. Nc3 Nc6 3. Nf3 Bb4 4. Nd5 e4 5. Nxb4 Nxb4 6. Nd4 Nf6 7. d3 O-O 8. Bg5 Re8 9. dxe4 Rxe4 10. e3 h6 11.
a3 hxg5 12. axb4 d5 13. Bd3 Rh4 14. Nf3 Rg4 15. h3 Rxg2 16. Bf1 Rxf2 17. Kxf2 Ne4+ 18. Kg1 Qf6 19. Be2 g4 20. hxg4 Bxg4 21. Qd4 Qg6 22. Ne5 Qg5 23. Rh8+ Kxh8 24. Nxf7+ Kg8 25. Nxg5 Bxe2 26.
Qxd5+ Kh8 27. Qxe4 1-0

[Event "*** Titled Tuesday Blitz"]
[Site "Chess.com"]
[Date "2021.03.16"]
[Round "5"]
[White "SHIVACalypso"]
[Black "Ural_bogatyr"]
[Result "0-1"]
[WhiteElo "2353"]
[BlackElo "2498"]
[TimeControl "180+1"]
[EndTime "10:53:14 PDT"]
[Termination "Ural_bogatyr won by resignation"]

1. Nf3 d5 2. c4 c6 3. d4 Nf6 4. Nc3 e6 5. g3 dxc4 6. Bg2 Nd5 7. e4 Nxc3 8. bxc3 b5 9. O-O Be7 10. Ne5 O-O 11. d5 Qc7 12. Nxc6 Nxc6 13. dxc6 e5 14. a4 Qxc6 15. axb5 Qxb5 16. Qa4 Qxa4 17. Rxa4 Be6 18. Be3 Rfd8 19. h4 Rd3 20. Rxa7 Rxa7 21.
Bxa7 Rxc3 22. Rb1 Rb3 23. Rc1 c3 24. Be3 Ba3 25. Rc2 Rb1+ 26. Kh2 Bb2 27. Bd2 Bb3 0-1

[Event "*** Titled Tuesday Blitz"]
[Site "Chess.com"]
[Date "2021.03.16"]
[Round "5"]
[White "IMAghasiyevKamal"]
[Black "Joker_Gumble"]
[Result "1-0"]
[WhiteElo "2502"]
[BlackElo "2329"]
[TimeControl "180+1"]
[EndTime "10:53:15 PDT"]
[Termination "IMAghasiyevKamal won on time"]

1. d4 c5 2. d5 Nf6 3. c4 e6 4. Nc3 exd5 5. cxd5 d6 6. Nf3 a6 7. a4 g6 8. g3 Bg7 9. Bg2 O-O 10. O-O Bg4 11. Qb3 Bxf3 12. exf3 Qc7 13. f4 c4 14. Qc2 Nbd7 15. Be3 Ng4 16. Bd2 f5 17. b4 cxb3 18. Qxb3 Nc5 19. Qc4 Rfe8 20.
a5 b5 21. axb6 Qxb6 22. Rab1 Qa7 23. h3 Nf6 24. Be3 Rxe3 25. fxe3 Nce4 26. Nxe4 Nxe4 27. Bxe4 Qxe3+ 28. Kg2 fxe4 29. Rbe1 Qd3 30. Rxe4 1-0

[Event "*** Titled Tuesday Blitz"]
[Site "Chess.com"]
[Date "2021.03.16"]
[Round "5"]
[White "kunaevchess"]
[Black "JiiHart"]
[Result "1-0"]
[WhiteElo "2364"]
[BlackElo "2070"]
[TimeControl "180+1"]
[EndTime "10:53:17 PDT"]
[Termination "kunaevchess won by resignation"]

1. e4 c5 2. Nf3 Nc6 3. d4 cxd4 4. Nxd4 Nf6 5. Nc3 d6 6. Bg5 e6 7.
Qd2 a6 8. O-O-O Bd7 9. f4 h6 10. Bh4 g5 11. fxg5 Ng4 12. Nf3 Be7 13. Be2 Nge5 14.
Kb1 b5 15. a3 Rc8 16. Rhf1 Nxf3 17. Bxf3 hxg5 18. Bg3 Ne5 19. Be2 Rc5 20. Qe3 Nc4 21.
Bxc4 Rxc4 22. Bxd6 Bxd6 23. Rxd6 Qc7 24. Rfd1 Bc6 25.
Qxg5 1-0

[Event "*** Titled Tuesday Blitz"]
[Site "Chess.com"]
[Date "2021.03.16"]
[Round "5"]
[White "ValeriyGrinev"]
[Black "bakki78"]
[Result "1-0"]
[WhiteElo "2575"]
[BlackElo "2771"]
[TimeControl "180+1"]
[EndTime "10:53:21 PDT"]
[Termination "ValeriyGrinev won by checkmate"]

1. d4 d6 2. Nf3 Nf6 3. c4 g6 4.
Nc3 Bf5 5. d5 Bg7 6. Nd4 Bd7 7.
e4 c5 8. Nf3 O-O 9. h3 e6 10.
Bd3 exd5 11. exd5 Na6 12. O-O Nc7 13. Bf4 Nfe8 14. a4 a6 15. a5 Rb8 16. Qd2 b6 17. axb6 Rxb6 18. Bh6 Qb8 19. Bxg7 Nxg7 20. Qh6 f6 21. Rae1 Qd8 22. Nh4 Be8 23. Re2 Bf7 24. Rfe1 Re8 25. Ne4 Re5 26. Qf4 Nce8 27. Nf3 Nh5 28.
Qh6 Re7 29. Nxf6+ Nexf6 30. Rxe7 Qf8 31. Qe3 h6 32. Nh4 g5 33. Nf5 Nf4 34. g3 Ng6 35. Rxf7 Kxf7 36. Qe6# 1-0

[Event "*** Titled Tuesday Blitz"]
[Site "Chess.com"]
[Date "2021.03.16"]
[Round "5"]
[White "profofchess"]
[Black "Skatchkov_V"]
[Result "0-1"]
[WhiteElo "2438"]
[BlackElo "2613"]
[TimeControl "180+1"]
[EndTime "10:53:23 PDT"]
[Termination "Skatchkov_V won on time"]

1. e4 e5 2. Nf3 d5 3. Nc3 dxe4 4. Nxe4 Nc6 5. Bb5 Bd7 6. O-O Nf6 7. Qe2 Bd6 8. Nxd6+ cxd6 9. d4 e4 10. d5 Ne7 11.
Bxd7+ Qxd7 12. Nd4 Nexd5 13. c4 Nb4 14. Bg5 O-O-O 15.
Bxf6 gxf6 16. Qxe4 Rhg8 17. a3 Rde8 18. Qf3 Nc6 19. Nxc6 Qxc6 20. Qxc6+ bxc6 21. Rfe1 Re5 22. f3 Kc7 23. Kf2 Rb8 24. Rab1 Rb3 25. Rxe5 fxe5 26. Ke2 a5 27. Kd2 a4 28. Kc2 Re3 29. Kd2 Rb3 30. Kc2 h5 31. h4 Kb6 32. Rh1 f5 33.
Rh3 Kc5 34. Rg3 Re3 35. Rg5 f4 36. Kd2 Kxc4 37. Rxh5 Rb3 38. Kc2 Re3 39. Kd2 d5 40. Rh6 c5 41. Ra6 Rb3 42. Kc2 Rb7 43. Rxa4+ Kb5 44. Ra8 Rg7 45. Re8 Rxg2+ 46. Kc1 Re2 47. h5 e4 48. h6 Kc4 49. h7 Kd3 50. Kb1 Re1+ 0-1

[Event "*** Titled Tuesday Blitz"]
[Site "Chess.com"]
[Date "2021.03.16"]
[Round "5"]
[White "TwentyHourADay"]
[Black "politeplayer"]
[Result "0-1"]
[WhiteElo "2385"]
[BlackElo "2246"]
[TimeControl "180+1"]
[EndTime "10:53:27 PDT"]
[Termination "politeplayer won by checkmate"]

1. d4 d5 2. Nf3 e6 3. Bf4 Bd6 4. Bg3 Nf6 5. e3 O-O 6. c4 c5 7. Nc3 cxd4 8. exd4 Bxg3 9. hxg3 Nc6 10. cxd5 exd5 11.
Be2 Bf5 12. O-O Re8 13. Re1 Qb6 14. Na4 Qa5 15. a3 Rac8 16. b4 Qd8 17. Rc1 a6 18.
Nc5 Rc7 19. Nxb7 Rxb7 20. Rxc6 a5 21. b5 a4 22. Ne5 Nd7 23. g4 Nxe5 24. dxe5 Bd7 25.
Qxd5 Bxc6 26. Qxc6 Rbe7 27. Bf3 Rxe5 28. Rxe5 Rxe5 29.
b6 Re1+ 30. Kh2 Qh4# 0-1

[Event "*** Titled Tuesday Blitz"]
[Site "Chess.com"]
[Date "2021.03.16"]
[Round "5"]
[White "Legendinunknown"]
[Black "vanImpe"]
[Result "1-0"]
[WhiteElo "2602"]
[BlackElo "2419"]
[TimeControl "180+1"]
[EndTime "10:53:28 PDT"]
[Termination "Legendinunknown won by resignation"]

1. d4 g6 2. c4 Bg7 3. Nc3 Nf6 4. e4 O-O 5. Nf3 d6 6. Be2 Bg4 7. Be3 Nfd7 8. h3 Bxf3 9. Bxf3 e5 10. d5 a5 11. g4 Na6 12. h4 f5 13. gxf5 gxf5 14. exf5 Rxf5 15. Be4 Rf8 16. Qc2 Nf6 17. O-O-O Kh8 18.
a3 Nc5 19. Bxc5 dxc5 20. Rdg1 Bh6+ 21. Kb1 Nh5 22. Bxh7 Qe7 23. Be4 Rf4 24. Rg6 Bg7 25. Rg5 Nf6 26. Rhg1 Bh6 27. Rg6 Rxh4 28. Qe2 Rf8 29.
d6 cxd6 30. Nd5 Nxd5 31. Bxd5 Qh7 32. Ka2 Qe7 33. Qe4 Rxe4 34. Rxh6+ Qh7 35. Rxh7+ Kxh7 36. Bxe4+ Kh8 37. f3 b6 38. Rg6 Rd8 39. Kb3 1-0

[Event "*** Titled Tuesday Blitz"]
[Site "Chess.com"]
[Date "2021.03.16"]
[Round "5"]
[White "GMJustin"]
[Black "UCantHandleDenker"]
[Result "0-1"]
[WhiteElo "2306"]
[BlackElo "2507"]
[TimeControl "180+1"]
[EndTime "10:53:32 PDT"]
[Termination "UCantHandleDenker won on time"]

1. e4 c5 2. a3 d6 3. b4 cxb4 4. axb4 Nf6 5. Nc3 g6 6. Nf3 Bg7 7. d4 O-O 8. Be2 b6 9. O-O Bb7 10. Bd3 Nc6 11. b5 Nb4 12. Ba3 Nxd3 13. cxd3 a6 14. bxa6 Rxa6 15. d5 Qd7 16. Bb4 Rfa8 17. Rb1 Nh5 18. Qd2 Qg4 19. h3 Qf4 20. Qe2 Qf6 21. g3 e5 22. Nb5 Bf8 23. Qe3 Ra2 24.
Nd2 Bc8 25. Kg2 Bd7 26. Nc3 R2a6 27. Nc4 Qd8 28. Rb2 b5 29. Nd2 Qc8 0-1

[Event "*** Titled Tuesday Blitz"]
[Site "Chess.com"]
[Date "2021.03.16"]
[Round "5"]
[White "hypert"]
[Black "AsaHoffmann"]
[Result "1-0"]
[WhiteElo "2564"]
[BlackElo "2357"]
[TimeControl "180+1"]
[EndTime "10:53:35 PDT"]
[Termination "hypert won on time"]

1. e4 d6 2. Nc3 c6 3. d4 Nf6 4.
Bd3 e5 5. Nge2 Be7 6. f3 Nbd7 7.
Be3 d5 8. exd5 Nxd5 9. Nxd5 cxd5 10. dxe5 Nxe5 11. Bb5+ Kf8 12. O-O Nc4 13. Bd4 Be6 14. b3 Nd6 15. Bd3 Nf5 16. Bxf5 Bxf5 17. Ng3 Be6 18.
f4 Bf6 19. f5 Bc8 20. Bxf6 gxf6 21. Qd2 h5 22. Rad1 h4 23. Ne2 a5 24. a4 b6 25. Rf3 Ba6 26. Nd4 Rc8 27. Rh3 Qd6 28.
Qf2 Qe5 29. Rxh4 Rxh4 30. Qxh4 Rc3 31. Re1 Re3 32. Qh8+ Ke7 33. Nc6+ Kd6 34. Nxe5 Rxe1+ 35. Kf2 Rxe5 36. Qd8+ Kc5 37. Qxf6 Kd4 38. Qxb6+ 1-0

[Event "*** Titled Tuesday Blitz"]
[Site "Chess.com"]
[Date "2021.03.16"]
[Round "5"]
[White "Unknown_IM"]
[Black "mirochka"]
[Result "1-0"]
[WhiteElo "2403"]
[BlackElo "2236"]
[TimeControl "180+1"]
[EndTime "10:53:37 PDT"]
[Termination "Unknown_IM won by checkmate"]

1. e4 c5 2. Nf3 Nc6 3. Bb5 e6 4. Bxc6 bxc6 5. b3 d6 6. O-O e5 7. Nc3 Nf6 8. d3 Be7 9. Re1 O-O 10. h3 Re8 11. Ne2 Nd7 12. Ng3 d5 13. exd5 cxd5 14.
Nxe5 Nxe5 15. Rxe5 Be6 16. Rb1 Qa5 17. a4 c4 18. dxc4 Bf6 19. Re1 dxc4 20. Bf4 Rad8 21. Qf3 Bd5 22. Rxe8+ Rxe8 23. Qg4 Qc3 24. Nh5 Bd4 25. Rd1 g6 26. Bh6 Re1+ 27. Kh2 Be5+ 28. f4 Be6 29. Rd8# 1-0

[Event "*** Titled Tuesday Blitz"]
[Site "Chess.com"]
[Date "2021.03.16"]
[Round "5"]
[White "bazar-wokzal"]
[Black "kreonx"]
[Result "1-0"]
[WhiteElo "2484"]
[BlackElo "2322"]
[TimeControl "180+1"]
[EndTime "10:53:38 PDT"]
[Termination "bazar-wokzal won by checkmate"]

1. e4 c6 2. d4 d5 3. e5 c5 4. dxc5 Nc6 5. Bb5 e6 6. Nf3 Ne7 7. Be3 Nf5 8. Bd4 Nxd4 9. Qxd4 a5 10. O-O Bd7 11. Bxc6 Bxc6 12. c3 a4 13. Nbd2 Be7 14. b4 a3 15. Nb3 O-O 16. Rfe1 Bb5 17. Qg4 b6 18. cxb6 Qxb6 19. Nbd4 Bd7 20. h4 Rfc8 21. Ng5 h6 22. Nxf7 Kxf7 23. Re3 Kg8 24. Rg3 Bf8 25. Re1 Re8 26. Ree3 Re7 27. Ref3 Rf7 28. Rxf7 Kxf7 29. Qg6+ Kg8 30. Qxh6 Re8 31. Nf5 Qc7 32.
Rxg7+ Bxg7 33. Qxg7# 1-0

[Event "*** Titled Tuesday Blitz"]
[Site "Chess.com"]
[Date "2021.03.16"]
[Round "5"]
[White "rynos0411"]
[Black "Dyadya81"]
[Result "0-1"]
[WhiteElo "2506"]
[BlackElo "2746"]
[TimeControl "180+1"]
[EndTime "10:53:40 PDT"]
[Termination "Dyadya81 won by checkmate"]

1. d4 Nf6 2. c4 g6 3. Nc3 Bg7 4. e4 d6 5. h3 O-O 6. Be3 c5 7. Nf3 Qa5 8. Qd2 a6 9. Bd3 Nc6 10. d5 Nb4 11. Bb1 b5 12. a3 bxc4 13. Na2 Nd3+ 14. Bxd3 Qxd2+ 15. Kxd2 cxd3 16. Kxd3 Rb8 17. Rab1 e6 18. dxe6 Bxe6 19. Nc3 d5 20. exd5 Bf5+ 21.
Kc4 Nd7 22. g4 Bc2 23. Rhc1 Nb6+ 24. Kxc5 Rfc8+ 25. Kd6 Nc4+ 26. Ke7 Rb7# 0-1

[Event "*** Titled Tuesday Blitz"]
[Site "Chess.com"]
[Date "2021.03.16"]
[Round "5"]
[White "PawnEatingZombie"]
[Black "AttilaTurzo"]
[Result "0-1"]
[WhiteElo "2193"]
[BlackElo "2538"]
[TimeControl "180+1"]
[EndTime "10:53:40 PDT"]
[Termination "AttilaTurzo won on time"]

1. d4 d5 2. c4 c6 3. Nc3 Nf6 4. e3 a6 5. Qc2 b5 6. b3 Bg4 7. Nge2 e6 8. h3 Bf5 9. Qb2 Nbd7 10. g4 Be4 11. Nxe4 Nxe4 12. Bg2 Bb4+ 13. Kf1 O-O 14. a3 Bd6 15. Qc2 f5 16. f4 g5 17.
c5 Bc7 18. Ke1 gxf4 19. Nxf4 Qh4+ 20. Ke2 Ng3+ 21. Kd3 Nxh1 22. Bxh1 Rae8 23. Bd2 e5 24. Nxd5 cxd5 25. Bxd5+ Kh8 26. Rg1 f4 27. e4 Qf2 28. c6 Qxg1 0-1

[Event "*** Titled Tuesday Blitz"]
[Site "Chess.com"]
[Date "2021.03.16"]
[Round "5"]
[White "GMAkobianSTL"]
[Black "Fighter008"]
[Result "0-1"]
[WhiteElo "2818"]
[BlackElo "2641"]
[TimeControl "180+1"]
[EndTime "10:53:48 PDT"]
[Termination "Fighter008 won by checkmate"]

1. d4 Nf6 2. c4 g6 3. Nc3 Bg7 4. Bg5 O-O 5. e3 h6 6. Bh4 d6 7.
Nf3 Qe8 8. Be2 e5 9. O-O c6 10. Rc1 Nbd7 11. Qc2 Nh7 12. Ne4 Qe6 13. d5 cxd5 14.
cxd5 Qxd5 15. Rfd1 Qa5 16. Nxd6 g5 17. Bg3 Nb6 18. a3 f5 19. b4 Qxa3 20. Ra1 Qxb4 21. Rdb1 Qxd6 22. Nd4 Qg6 23. Nb5 Be6 24. Nxa7 Nd5 25.
Rxb7 e4 26. Ra6 f4 27. Bg4 Rae8 28. Qc6 fxg3 29. Bxe6+ Rxe6 30. Qxd5 gxf2+ 31. Kf1 Rf6 32. Nb5 Nf8 33. Nd4 Qh5 34. Nxe6 Qe2+ 35. Kxe2 f1=Q+ 36. Kd2 Rf2# 0-1

[Event "*** Titled Tuesday Blitz"]
[Site "Chess.com"]
[Date "2021.03.16"]
[Round "5"]
[White "mbachez"]
[Black "sokidze"]
[Result "1-0"]
[WhiteElo "2493"]
[BlackElo "2687"]
[TimeControl "180+1"]
[EndTime "10:53:51 PDT"]
[Termination "mbachez won on time"]

1. e4 c5 2. Nf3 Nc6 3. Bb5 g6 4. c3 Bg7 5. d4 cxd4 6. cxd4 Nf6 7. Nc3 d5 8. Ne5 O-O 9. Nxc6 bxc6 10. Bxc6 Ba6 11.
Bxa8 Qxa8 12. e5 Ne4 13. f3 Nxc3 14. bxc3 Qc8 15. Qd2 f6 16. exf6 Bxf6 17. Kf2 Qf5 18.
h4 e5 19. Ba3 Rf7 20. Rab1 exd4 21. Rb8+ Kg7 22. h5 gxh5 23. Bc1 Qg6 24. cxd4 Rc7 25. Rb2 Rc4 26. Qe2 Be5 27. Qxe5+ Kf7 28. Qf4+ Ke7 29. Re1+ Kd7 30. Qe5 Rc2+ 31. Rxc2 Qxc2+ 32. Kg1 Bc4 33. Qe7+ Kc6 34. Qc5+ Kb7 35. Re7+ 1-0

[Event "*** Titled Tuesday Blitz"]
[Site "Chess.com"]
[Date "2021.03.16"]
[Round "5"]
[White "ChrisTool2"]
[Black "Sergey85Rodchenkov"]
[Result "0-1"]
[WhiteElo "2334"]
[BlackElo "2530"]
[TimeControl "180+1"]
[EndTime "10:53:51 PDT"]
[Termination "Sergey85Rodchenkov won by checkmate"]

1. Nf3 Nf6 2. c4 b6 3. g3 Bb7 4. Bg2 e6 5. O-O Be7 6. d3 O-O 7. Nc3 d5 8. cxd5 exd5 9. d4 Na6 10. a3 c5 11. Bf4 Re8 12. Rc1 Bf8 13. Qa4 cxd4 14.
Nxd4 Nc5 15. Qc2 Rc8 16. Bh3 Ne6 17. Rfd1 Nxf4 18. Bxc8 Qxc8 19. gxf4 Qg4+ 20. Kh1 Qxf4 21. e3 Qh4 22. Rg1 g6 23. Rg3 Bc8 24. Nce2 Bd6 25.
f4 Ne4 26. Rg2 Bh3 27. Rcg1 Nf2+ 28. Rxf2 Qxf2 29. Nc3 Qxe3 30. Qd1 Qxf4 31. Nxd5 Qxh2# 0-1

[Event "*** Titled Tuesday Blitz"]
[Site "Chess.com"]
[Date "2021.03.16"]
[Round "5"]
[White "CraiggoryC"]
[Black "Maddie"]
[Result "1-0"]
[WhiteElo "2283"]
[BlackElo "2061"]
[TimeControl "180+1"]
[EndTime "10:53:55 PDT"]
[Termination "CraiggoryC won by checkmate"]

1. e4 c5 2. Nf3 Nc6 3. d4 cxd4 4. Nxd4 g6 5. Nc3 Bg7 6. Be3 Nf6 7.
Bc4 O-O 8. Bb3 a6 9. f3 b5 10.
Qd2 Na5 11. Bh6 Nxb3 12. axb3 d5 13. Nc6 Qc7 14. exd5 Nxd5 15. Nxd5 Qd7 16. Ncxe7+ Kh8 17. Bxg7+ Kxg7 18. O-O-O Qd8 19. Rhe1 a5 20. Qc3+ Kh6 21. Qf6 a4 22. Qh4+ Kg7 23. Nf6 h5 24. Rxd8 Rxd8 25. Nfd5 axb3 26. cxb3 Be6 27. Rxe6 fxe6 28. Qf6+ Kh6 29. Qxg6# 1-0

[Event "*** Titled Tuesday Blitz"]
[Site "Chess.com"]
[Date "2021.03.16"]
[Round "5"]
[White "SF-96"]
[Black "VinzentSpitzl"]
[Result "1-0"]
[WhiteElo "2596"]
[BlackElo "2362"]
[TimeControl "180+1"]
[EndTime "10:53:56 PDT"]
[Termination "SF-96 won on time"]

1. e4 c5 2. Nf3 Nc6 3. d4 cxd4 4.
Nxd4 e6 5. Nc3 Qc7 6. Be3 a6 7. Nxc6 bxc6 8. Bd3 d5 9. O-O Nf6 10. f4 Bb4 11. e5 Nd7 12. Na4 Bb7 13. c4 c5 14.
cxd5 exd5 15. a3 Ba5 16. Rc1 Bb6 17. Bf5 Ba7 18. Bxd7+ Qxd7 19. Bxc5 Bc6 20. Nb6 Bxb6 21. Bxb6 O-O 22. Bd4 Rab8 23. f5 f6 24. exf6 gxf6 25. Rf4 Kh8 26. Qh5 Qd6 27. Rh4 Rb7 28. Qh6 1-0

[Event "*** Titled Tuesday Blitz"]
[Site "Chess.com"]
[Date "2021.03.16"]
[Round "5"]
[White "jacky72"]
[Black "Orest_Vovk"]
[Result "1-0"]
[WhiteElo "2704"]
[BlackElo "2478"]
[TimeControl "180+1"]
[EndTime "10:53:58 PDT"]
[Termination "jacky72 won on time"]

1. d4 h6 2. c4 g5 3. h4 g4 4. h5 g3 5. fxg3 Bg7 6. Nf3 c5 7. d5 d6 8. Nc3 Bxc3+ 9. bxc3 Qa5 10. Qc2 Nf6 11. Bd2 Bg4 12. e4 Nbd7 13. Be2 Nxh5 14.
Rh4 Nhf6 15. Bxh6 Nxe4 16. Rxg4 Ndf6 17. Rh4 Nxg3 18. Bd3 O-O-O 19. Kf2 Rdg8 20. Bg5 Rxh4 21. Bxh4 Ng4+ 22. Kg1 Ne3 23. Qd2 Ngf5 24. Bxf5+ Nxf5 25. Re1 Qa4 26. Qf4 Nxh4 27. Nxh4 f6 28. Nf5 Kb8 29.
Nxe7 Rd8 30. Nf5 a6 31. Nxd6 Ka7 32. Qxf6 Rd7 33. Nc8+ Kb8 34. Nb6 1-0